 Dungeon Crawl Stone Soup version 0.26.1-11-gd32895ea62 (webtiles) character file.

Game seed: 3108822745050801509

156 Eitelfritz the Slasher (level 5, 0/44 HPs)
             Began as a Minotaur Gladiator on May 8, 2021.
             Slain by Sigmund
             ... wielding a +0 scythe of venom
              (12 damage)
             ... on level 2 of the Dungeon.
             The game lasted 00:02:48 (2379 turns).

Eitelfritz the Slasher (Minotaur Gladiator)         Turns: 2379, Time: 00:02:48

Health: 0/44       AC:  5    Str: 18    XL:     5   Next: 14%
Magic:  4/4        EV: 13    Int:  6    God:
Gold:   140        SH:  0    Dex: 12    Spells: 4/4 levels left

rFire    . . .     SeeInvis .   a - +0 long sword
rCold    . . .     Faith    .   (no shield)
rNeg     . . .     Spirit   .   n - +0 ring mail
rPois    .         Reflect  .   c - +0 hat
rElec    .         Harm     .   (no cloak)
rCorr    .         Rampage  .   (no gloves)
Will     .....                  (no boots)
Stlth    +.........             l - amulet of regeneration
HPRegen  0.54/turn              (no ring)
MPRegen  0.09/turn              (no ring)

@: lethally poisoned (0 -> -12)
A: retaliatory headbutt, horns 2
a: no special abilities


You were on level 2 of the Dungeon.
You visited 1 branch of the dungeon, and saw 3 of its levels.

You collected 140 gold pieces.

Inventory:

Hand Weapons
 a - a +0 long sword (weapon)
Missiles
 d - 3 throwing nets
 i - 2 boomerangs (quivered)
Armour
 c - a +0 hat (worn)
 n - a +0 ring mail (worn)
Jewellery
 l - an amulet of regeneration (around neck)
Scrolls
 b - a scroll of magic mapping {unknown}
 f - 3 scrolls of teleportation {unknown}
 h - a scroll of noise {unknown}
 k - a scroll of identify {unknown}
 m - 2 scrolls of random uselessness {unknown}
Potions
 e - a potion of lignification
 g - a potion of curing
 j - 2 potions of degeneration {unknown}


   Skills:
 + Level 2.8 Fighting
 + Level 5.0 Long Blades
 + Level 2.1 Throwing
 + Level 2.3 Armour
 + Level 4.7 Dodging


You had 4 spell levels left.
You didn't know any spells.
Your spell library was empty.

Dungeon Overview and Level Annotations

Branches:
Dungeon (3/15)

Altars:

Annotations:
D:2 Sigmund


Innate Abilities, Weirdness & Mutations

You reflexively headbutt those who attack you in melee.
You have a pair of horns on your head.


Message History

You feel very sick.
You closely miss Sigmund.
Sigmund is heavily wounded.
You feel sick. Sigmund barely misses you. You furiously retaliate!
You headbutt Sigmund. You hit Sigmund but do no damage.
Your headbutt misses Sigmund.
Sigmund is heavily wounded.
You feel sick.
Sigmund drinks a potion.
Sigmund is healed!
You closely miss Sigmund.
Sigmund is lightly wounded.
You feel sick.
Sigmund hits you with a +0 scythe of venom.
* * * LOW HITPOINT WARNING * * *
You are lethally poisoned!
You hit Sigmund.
Sigmund is moderately wounded.
* * * LOW HITPOINT WARNING * * *
You feel sick.
Sigmund hits you with a +0 scythe of venom!
You die...

#................#
#$..........<....##
###..................
##....................
##.............).......
#.......[..............
#......................
#......@....##.........
#.....@...#######...!..
#.........# ##.....
##...>...## ......
#.........# ......
#.........# #......
#.....=...# #>.....
#.........# #......
#.........# ##.......##


You could see Sigmund.

Vanquished Creatures
  An orc wizard (D:3)
  A worker ant (D:3)
  3 adders (D:3)
  An ooze (D:3)
  A dart slug (D:3)
  3 leopard geckos
  3 orcs (D:3)
  7 bats
  A giant cockroach (D:3)
  8 goblins
  9 hobgoblins
  3 jackals (D:3)
  2 kobolds
  7 rats
50 creatures vanquished.

Vanquished Creatures (others)
  An orc wizard (D:3)
1 creature vanquished.

Grand Total: 51 creatures vanquished

Notes
Turn   | Place    | Note
-------+----------+-------------------------------------------
     0 | D:1      | Eitelfritz the Minotaur Gladiator began the quest for the
                  | Orb.
     0 | D:1      | Reached XP level 1. HP: 18/18 MP: 0/0
   160 | D:1      | Reached XP level 2. HP: 25/25 MP: 1/1
   348 | D:1      | Reached skill level 4 in Long Blades
   828 | D:2      | Noticed Sigmund
  1163 | D:3      | Reached XP level 3. HP: 24/30 MP: 2/2
  1367 | D:3      | Reached XP level 4. HP: 20/37 MP: 3/3
  1368 | D:3      | Reached skill level 1 in Armour
  1752 | D:3      | Reached skill level 5 in Long Blades
  1875 | D:3      | Reached XP level 5. HP: 36/44 MP: 4/4
  2379 | D:2      | Slain by Sigmund

Illustrated notes

Levels and vault maps discovered:
D:1:      grunt_arrival_crossed_arrows, layout_loops_ring
D:2:      layout_rooms, uniq_terence, uniq_robin, uniq_sigmund
D:3:      layout_loops_corners

Skill      XL: |  1  2  3  4 |
---------------+-------------+-----
Long Blades    | 4 5 |  5.0
Dodging        | 4 |  4.7
Armour         | 2 |  2.3
Fighting       | |  2.8
Throwing       | |  2.1

Action                   |  1- 3 |  4- 6 || total
-------------------------+-------+-------++-------
Melee: Long sword        |    62 |    48 ||   110
       Headbutt          |    10 |     8 ||    18
Throw: Boomerang         |     1 |       ||     1
  Use: Potion            |     1 |       ||     1
Armor: Leather armour    |    11 |       ||    11
       Skin              |     3 |       ||     3
       Ring mail         |       |    15 ||    15
Dodge: Dodged            |    39 |    36 ||    75
       Rpst.: Long sword |     9 |     8 ||    17
